 Dungeon Crawl Stone Soup version 0.32-a0-834-geaf45d8e21 (webtiles) character file.

Game seed: 16202078994299122568

65755 ezpacito the Fighter (level 15, -2/117 HPs)
             Began as a Coglin Chaos Knight on Mar 25, 2024.
             Was a Plaything of Xom.
             Slain by a five-headed hydra (12 damage)
             ... on level 5 of the Lair of Beasts.
             The game lasted 00:35:16 (18714 turns).

ezpacito the Fighter (Coglin Chaos Knight)         Turns: 18714, Time: 00:35:17

Health: -2/117     AC: 28    Str: 25    XL:     15   Next: 17%
Magic:  19/23      EV:  6    Int: 15    God:    Xom [*.....]
Gold:   922        SH:  0    Dex: 11    Spells: 6/25 levels left

rFire   + + +        a - +6 hand axe (chaos) {Udom}
rCold   + + +        M - +0 trident (venom) {Dalbir}
rNeg    . . .        s - +1 crystal plate armour {rC+}
rPois   +            (helmet restricted)
rElec   .            F - scarf {rC+ rF+}
rCorr   .            C - +2 pair of gloves
SInv    .            y - +0 pair of boots
Will    +....        (amulet unavailable) Stlth
                     (ring unavailable)
HPRegen 1.19/turn    (ring unavailable)
MPRegen 0.58/turn    O - articulated encabulator {rF+ Regen+ RegenMP+ Slay+3}

%: no passive effects
@: no status effects
A: off-hand wielding, slow wielding, warmup strikes, no jewellery, horns 1,
iridescent scales 1, thin skeletal structure 1, camouflage 1, clever 1, clumsy
1, cold resistance 1, fire resistance 1, poison resistance, strong 2, wild magic
3, MP-powered wands
a: Renounce Religion


You were on level 5 of the Lair of Beasts.
You worshipped Xom.
You were a special plaything of Xom.
You visited 3 branches of the dungeon, and saw 20 of its levels.
You also visited: Ice Cave.

You collected 1212 gold pieces.
You spent 290 gold pieces at shops.

Inventory:

Hand Weapons
 a - a +6 hand axe of chaos (weapon) {Udom}
 M - a +0 trident of venom (offhand) {Dalbir}
 R - a +6 rapier of holy wrath
Missiles
 k - 4 throwing nets (quivered)
 p - 16 poisoned darts
 v - 5 boomerangs
 N - 8 javelins
Armour
 s - a +1 crystal plate armour of cold resistance (worn)
 y - a +0 pair of boots (worn)
 C - a +2 pair of gloves (worn)
 F - a scarf of resistance (worn)
 G - the +0 helmet "Xufakab" {rN++ Regen+}
   (You found it on level 13 of the Dungeon)

   rN++:      It greatly protects you from negative energy.
   Regen+:    It increases your rate of health regeneration.
 L - +3 steam dragon scales
 T - the +2 shield of Resistance {rF++ rC++ Will++}
   (You found it on level 4 of the Lair of Beasts)

   rF++:      It greatly protects you from fire.
   rC++:      It greatly protects you from cold.
   Will++:    It greatly increases your willpower.
Magical Staves
 x - a staff of cold
 Q - a staff of alchemy
Gizmo
 O - an articulated encabulator (installed) {rF+ Regen+ RegenMP+ Slay+3}
   (You invented it yourself on level 3 of the Lair of Beasts)

   [articulated encabulator]

   Slay+3:    It affects your accuracy & damage with ranged weapons and melee
   (+3).
   rF+:       It protects you from fire.
   Regen+:    It increases your rate of health regeneration.
   RegenMP+:  It increases your rate of magic regeneration.
Talismans
 b - a serpent talisman
Wands
 j - a wand of flame (5)
 z - a wand of paralysis (16)
 D - a wand of digging (1)
Scrolls
 c - a scroll of amnesia
 f - 5 scrolls of vulnerability
 i - 6 scrolls of identify
 m - 4 scrolls of fog
 r - 4 scrolls of noise
 t - 8 scrolls of teleportation
 u - a scroll of poison
 A - 3 scrolls of immolation
 B - 2 scrolls of blinking
 P - a scroll of revelation
 U - a scroll of torment
Potions
 d - a potion of enlightenment
 h - a potion of cancellation
 n - a potion of resistance
 o - a potion of magic
 q - a potion of curing
 E - 2 potions of lignification
 H - a potion of mutation
 I - a potion of attraction
Miscellaneous
 e - a lightning rod (inert)
 l - a condenser vane (inert)
 w - a box of beasts
 K - a phial of floods
 S - a sack of spiders
 V - a phantom mirror


   Skills:
 * Level 10.9 Fighting
 * Level 10.8(11.7) Axes
 + Level 6.7(9.3) Polearms
 * Level 9.8 Armour
 * Level 9.6 Dodging
 - Level 5.0 Stealth
 + Level 2.4 Unarmed Combat
 + Level 5.9 Spellcasting
 + Level 6.3 Summonings
 + Level 5.5 Necromancy
 + Level 5.5 Translocations
 + Level 8.8 Evocations


You had 6 spell levels left.
You knew the following spells:

 Your Spells              Type           Power      Damage    Failure   Level
a - Magic Dart            Conj           32%        1d4       100%        1
b - Blink                 Tloc           80%        N/A       89%         2
c - Call Imp              Summ           88%        N/A       82%         2
d - Tukima's Dance        Hex            8%         N/A       100%        3
e - Call Canine Familiar  Summ           44%        N/A       95%         3
f - Anguish               Hex/Necr       12%        N/A       100%        4
g - Apportation           Tloc           80%        N/A       80%         1
w - Passwall              Erth           8%         N/A       100%        3

Your spell library contained the following spells:

 Spells                   Type           Power      Damage    Failure   Level
 Necrotise                Necr           100%       1d9       80%         1
 Vampiric Draining        Necr           39%        2d8       98%         3
 Shock                    Conj/Air       32%        1d5       100%        1
 Frozen Ramparts          Ice            16%        1d3       100%        3
 Ozocubu's Armour         Ice            8%         N/A       100%        3
 Sigil of Binding         Hex            8%         N/A       100%        3
 Swiftness                Air            8%         N/A       100%        3
 Volatile Blastmotes      Fire/Tloc      48%        2d14      100%        3
 Airstrike                Air            4%         2d(1-17)  100%        4
 Cause Fear               Hex            4%         N/A       100%        4
 Dimensional Bullseye     Hex/Tloc       12%        N/A       100%        4
 Iskenderun's Mystic Bla  Conj/Tloc      24%        2d7       100%        4
 Martyr's Knell           Necr/Summ      42%        N/A       100%        4
 Vhi's Electric Charge    Tloc/Air       48%        N/A       100%        4
 Curse of Agony           Necr           39%        N/A       100%        5
 Fireball                 Conj/Fire      4%         3d4       100%        5
 Freezing Cloud           Conj/Ice/Air   4%         6-21      100%        5
 Metabolic Englaciation   Hex/Ice        4%         N/A       100%        5
 Bombard                  Conj/Erth      4%         9d2       100%        6
 Malign Gateway           Summ/Tloc      21%        N/A       100%        7
 Disjunction              Tloc           20%        N/A       100%        8
 Maxwell's Capacitive Co  Air            4%         ∞         100%        8
 Dragon's Call            Summ           22%        N/A       100%        9


Dungeon Overview and Level Annotations

Branches:
Dungeon (14/15)            Temple (1/1) D:4            Lair (5/5) D:8
 Shoals (0/4) Lair:2        Snake (0/4) Lair:2          Orc (0/2) D:9
 Vaults (0/5) D:13          IceCv (visited)
  Slime: Lair:4-5

Altars:
Ashenzari
Cheibriados
Dithmenos
Elyvilon
Fedhas
Gozag
Hepliaklqana
Kikubaaqudgha
Makhleb
Nemelex Xobeh
Okawaru
Qazlal
Ru
Sif Muna
Trog
Uskayaw
Vehumet
Wu Jian
Xom
Yredelemnul
Zin
The Shining One

Shops:
D:4 ?   D:6 (   D:8 :


Innate Abilities, Weirdness & Mutations

You can wield a second weapon in your off-hand.
It takes a long time for you to wield or remove held weapons.
Your first few attacks do less damage.
You cannot equip rings or amulets.
You have a pair of small horns on your head.
You are partially covered in iridescent scales. (AC +2)
You have a somewhat thin skeletal structure. (Dex +2, Stealth+)
Your skin changes colour to match your surroundings (Stealth+).
Your mind is acute. (Int +4, Str/Dex -1)
You are clumsy. (Dex -2)
Your flesh is cold resistant. (rC+)
Your flesh is heat resistant. (rF+)
Your system is resistant to poisons. (rPois)
Your muscles are very strong. (Str +8, Int/Dex -2)
Your spells are much harder to cast, but much more powerful.
You expend magic power (3 MP) to strengthen your wands.


Message History

The five-headed hydra barely misses you.
You take 15 damage, and have 61/117 hp.
You now have 20/23 mp.
The five-headed hydra attacks as it pursues you!
The five-headed hydra bites you but does no damage.
The five-headed hydra closely misses you.
The five-headed hydra bites you!
The five-headed hydra barely misses you.
The five-headed hydra bites you but does no damage. x2
The five-headed hydra closely misses you.
The five-headed hydra bites you!
The five-headed hydra bites you but does no damage.
The five-headed hydra bites you.
You take 24 damage, and have 37/117 hp.
MASSIVE DAMAGE!!
Aiming: Mindburst
Press: ? - help, Shift-Dir - straight line, f/p - five-headed hydra
Aim: a five-headed hydra (magical condensation, severely wounded, fast, strong, frenzied and wild, chance to affect: 71%)
You feel a surge of power!
The five-headed hydra struggles to resist.
The now-empty wand crumbles to dust.
The five-headed hydra barely misses you.
The five-headed hydra bites you.
The five-headed hydra bites you but does no damage.
The five-headed hydra bites you.
* * * LOW HITPOINT WARNING * * *
The five-headed hydra bites you!
* * * LOW HITPOINT WARNING * * *
You take 17 damage, and have 20/117 hp.
You now have 19/23 mp.
Clouds condense from the air!
The condenser dries out!
The five-headed hydra bites you but does no damage.
The five-headed hydra bites you.
* * * LOW HITPOINT WARNING * * *
The five-headed hydra bites you but does no damage.
The five-headed hydra bites you.
* * * LOW HITPOINT WARNING * * *
The five-headed hydra bites you.
* * * LOW HITPOINT WARNING * * *
The spriggan rider is engulfed in poison gas.
The spriggan rider is poisoned.
The five-headed hydra bites you!
You die...
Xom thinks this is hilarious!

### ... #.##
####...## ##
#.#P....# #..
###.......## #..
##.§§§§§§...# ##..
#..@D§i§§...# ###...
#..§☼..§#.....#.....
#............Pl.....
####.......?........
#......###.......
...#.### #.......
.P.### #.......
#.### P........
##........


You could see a spriggan rider (poisoned) and a neutral five-headed hydra (fast,
strong, frenzied).

Vanquished Creatures
  A reaper (IceCv)
  Erolcha (D:11)
  5 hydras
  3 catoblepae
  3 boulder beetles
  A centaur warrior (D:14)
  2 death yaks
  4 two-headed ogres
  2 demonic crawlers (Lair:1)
  A skyshark (Lair:3)
  An arcanist (D:13)
  A swamp dragon (D:14)
  A necromancer (D:13)
  An ugly thing (D:13)
  A manticore (D:12)
  2 oklob plants
  3 cyclopes (D:13)
  22 elephants
  An ice statue (IceCv)
  A centaur zombie (D:10)
  5 black mambas
  A torpor snail (Lair:3)
  10 cane toads
  Maggie (D:10)
  A freezing wraith (IceCv)
  A redback zombie (D:10)
  3 rime drakes
  12 komodo dragons
  A kobold demonologist (D:10)
  An ice devil (IceCv)
  2 hellwings (D:9)
  4 polar bears
  3 trolls
  4 hornets
  Prince Ribbit (Lair:3)
  11 blink frogs (Lair:3)
  2 meliai zombies (D:10)
  5 dream sheep
  A shadow (D:10)
  10 spriggans (Lair:5)
  3 wraiths
  6 wyverns
  5 basilisks
  A vampire (D:10)
  17 yaks
  A golden eye (D:13)
  A golden eye (shapeshifter) (D:13)
  A human (D:8)
  A steam dragon (D:9)
  A death yak simulacrum (IceCv)
  8 vampire mosquitoes
  2 swamp worms (Lair:1)
  2 acid dragons
  17 water moccasins
  An orc warrior (D:9)
  9 black bears
  3 sky beasts
  2 ogres
  38 wolves
  3 boggarts (Lair:5)
  7 centaurs
  A kobold brigand (D:7)
  13 bullfrogs
  3 scorpions
  3 cane toad simulacra (IceCv)
  6 two-headed ogre simulacra (IceCv)
  7 wights (D:9)
  13 killer bees
  4 elephant simulacra (IceCv)
  A killer bee (shapeshifter) (D:3)
  2 electric eels
  6 howler monkeys
  An orc priest (D:10)
  4 hounds
  6 jellies
  A bombardier beetle (D:6)
  A gnoll bouda (D:7)
  3 sleepcaps
  6 iguanas
  5 orc wizards
  3 spriggan simulacra (IceCv)
  2 polar bear simulacra (IceCv)
  6 troll simulacra (IceCv)
  A boggart skeleton (D:10)
  6 wolf simulacra (IceCv)
  A hound zombie (D:13)
  14 gnolls
  9 adders
  2 naga simulacra (IceCv)
  3 shadow imps
  8 white imps
  8 ufetubi
  5 ribbon worms
  A dart slug (D:4)
  15 orcs
  7 bats
  17 endoplasms
  A giant cockroach (D:1)
  7 goblins
  6 hobgoblins
  2 quokkas
  2 ball pythons
  4 frilled lizards (D:2)
  8 kobolds
  2 rats
491 creatures vanquished.

Vanquished Creatures (collateral kills)
  Harold (Lair:2)
  Fannar (Lair:2)
  A vault guard (D:13)
  An ironbound frostheart (D:13)
  A boulder beetle (D:13)
  A skeletal warrior (D:13)
  A merfolk siren (Lair:2)
  A polar bear (Lair:2)
  A spriggan (Lair:5)
  5 yaks (Lair:2)
  A human (D:13)
  3 vampire mosquitoes (D:13)
  A naga (shapeshifter) (D:13)
  An orc warrior (D:7)
  A tengu (Lair:2)
  A centaur (D:13)
  An electric eel (D:7)
  A howler monkey (D:7)
  A hound (D:7)
  A hound zombie (D:13)
  2 gnolls
  5 orcs
  A goblin (D:4)
  A quokka (D:4)
35 creatures vanquished.

Vanquished Creatures (others)
  A black mamba (Lair:3)
  A blink frog (Lair:3)
  A wyvern (Lair:3)
  A killer bee (D:6)
  2 ufetubi (D:5)
  An orc (D:5)
7 creatures vanquished.

Grand Total: 533 creatures vanquished

Notes
Turn   | Place    | Note
-------+----------+-------------------------------------------
     0 | D:1      | ezpacito the Coglin Chaos Knight began the quest for the
                  | Orb.
     0 | D:1      | Reached XP level 1. HP: 18/18 MP: 1/1
   104 | D:1      | Reached skill level 1 in Dodging
   236 | D:1      | Reached XP level 2. HP: 23/24 MP: 2/2
   675 | D:2      | Reached XP level 3. HP: 25/29 MP: 3/3
   850 | D:2      | XOM: god gift: 6 stones
   927 | D:2      | Reached XP level 4. HP: 35/35 MP: 4/4
   984 | D:2      | XOM: 1-stop teleportation journey
  1314 | D:2      | Reached skill level 1 in Polearms
  1536 | D:3      | XOM: give mutation
  1536 | D:3      | Gained mutation: Your skin changes colour to match your
                  | surroundings (Stealth+). [Xom's mischief]
  1655 | D:3      | an adder changed into a shapeshifter
  1655 | D:3      | Noticed a shapeshifter (shapeshifter)
  1655 | D:3      | XOM: polymorph adder -> shapeshifter
  1655 | D:3      | a shapeshifter changed into a killer bee
  1661 | D:3      | Reached skill level 1 in Stealth
  1661 | D:3      | Reached XP level 5. HP: 23/41 MP: 4/6
  2217 | D:4      | Noticed an ogre
  2218 | D:4      | Noticed a black bear
  2220 | D:4      | XOM: butterfly on damage
  2228 | D:4      | Killed an ogre
  2229 | D:4      | Reached skill level 1 in Spellcasting
  2229 | D:4      | Reached XP level 6. HP: 48/48 MP: 7/7
  2232 | D:4      | Killed a black bear
  2308 | D:4      | Found Bipliut's Magic Scroll Shop.
  2681 | D:4      | XOM: summons friendly white imp
  2691 | D:4      | Reached XP level 7. HP: 54/54 MP: 7/9
  2754 | D:4      | Found a staircase to the Ecumenical Temple.
  2769 | D:4      | Reached skill level 1 in Evocations
  2797 | Temple   | Entered the Ecumenical Temple
  2959 | D:4      | Bought a scroll of brand weapon for 95 gold pieces
  2959 | D:4      | Bought a scroll of identify for 20 gold pieces
  2959 | D:4      | Bought a scroll of enchant weapon for 75 gold pieces
  2959 | D:4      | Bought a scroll of teleportation for 30 gold pieces
  3219 | D:5      | Entered Level 5 of the Dungeon
  3457 | D:5      | XOM: 5-stop teleportation journey
  3513 | D:5      | Reached XP level 8. HP: 56/61 MP: 11/11
  3528 | D:5      | XOM: 1-stop teleportation journey
  3612 | D:5      | XOM: scenery: create altars
  3800 | D:6      | XOM: divine lightning
  3815 | D:6      | XOM: divination: detect creatures
  3829 | D:6      | Reached skill level 5 in Fighting
  3997 | D:6      | Found Ysynodoc's Weapon Emporium.
  4131 | D:6      | Learned a level 1 spell: Magic Dart
  4134 | D:6      | Learned a level 2 spell: Blink
  4137 | D:6      | Learned a level 2 spell: Call Imp
  4141 | D:6      | Learned a level 3 spell: Passwall
  4145 | D:6      | Learned a level 3 spell: Tukima's Dance
  4296 | D:6      | Reached skill level 5 in Axes
  4428 | D:4      | Bought a scroll of amnesia for 40 gold pieces
  4428 | D:4      | Bought a scroll of teleportation for 30 gold pieces
  4522 | D:7      | Noticed a wraith
  4522 | D:7      | XOM: 1-stop teleportation journey
  4523 | D:7      | XOM: enchant monster (good)
  4573 | D:7      | Killed a wraith
  4697 | D:7      | XOM: summons friendly white imp
  4699 | D:7      | XOM: summons 5 friendly demons
  4701 | D:7      | Reached XP level 9. HP: 53/68 MP: 12/12
  4702 | D:7      | Reached skill level 1 in Summonings
  4804 | D:7      | XOM: 1-stop teleportation journey
  4872 | D:7      | XOM: potion effect (might)
  5215 | D:7      | Noticed a two-headed ogre
  5250 | D:7      | XOM: scenery: summon butterflies
  5263 | D:7      | Killed a two-headed ogre
  5264 | D:7      | Reached skill level 5 in Armour
  5264 | D:7      | Reached skill level 5 in Dodging
  5553 | D:7      | XOM: noise
  5617 | D:7      | XOM: god gift: scroll of immolation
  5909 | D:8      | Found Sishrufiu's Book Shoppe.
  5927 | D:8      | Learned a level 3 spell: Call Canine Familiar
  5938 | D:8      | Found a sacrificial altar of Ru.
  5961 | D:8      | XOM: polymorph killer bee -> human
  5967 | D:8      | Reached XP level 10. HP: 59/76 MP: 14/14
  6193 | D:8      | Found a stormy altar of Qazlal.
  6193 | D:8      | XOM: 5-stop teleportation journey
  6213 | D:8      | Got the Secrets of the Inquisitive Youths
  6480 | D:8      | XOM: fog
  6495 | D:8      | XOM: god gift: wand of acid (5)
  6535 | D:8      | XOM: scenery: summon butterflies
  6546 | D:8      | Found a staircase to the Lair.
  6565 | D:8      | XOM: confuse monster(s)
  6658 | D:8      | XOM: give mutations
  6658 | D:8      | Gained mutation: Your flesh is cold resistant. (rC+) [Xom's
                  | grace]
  6658 | D:8      | Gained mutation: You have hidden genetic potential. [Xom's
                  | grace]
  6847 | D:9      | Noticed a two-headed ogre
  6851 | D:9      | Killed a two-headed ogre
  6852 | D:9      | Reached skill level 1 in Translocations
  6879 | D:9      | Found a staircase to the Orcish Mines.
  6898 | D:9      | XOM: polymorph killer bee -> orc
  6901 | D:9      | XOM: summons 2 friendly demons
  7025 | D:9      | XOM: cast spell 'Summon Ice Beast'
  7147 | D:9      | XOM: potion effect (invisibility)
  7148 | D:9      | XOM: noise
  7323 | D:9      | XOM: give mutation
  7323 | D:9      | Gained mutation: You are clumsy. (Dex -2) [Xom's mischief]
  7752 | D:9      | XOM: give mutations
  7752 | D:9      | Gained mutation: Your spells are a little harder to cast,
                  | but a little more powerful. [Xom's grace]
  7752 | D:9      | Gained mutation: Your flesh is heat resistant. (rF+) [Xom's
                  | grace]
  7752 | D:9      | Gained mutation: You have supernaturally acute eyesight.
                  | (SInv) [Xom's grace]
  7940 | D:10     | Entered Level 10 of the Dungeon
  7945 | D:10     | XOM: scenery: 1 doors open
  7961 | D:10     | XOM: enchant monster (bad)
  8265 | D:9      | XOM: noise
  8268 | D:9      | XOM: enchant monster (bad)
  8271 | D:9      | XOM: butterfly on damage
  8271 | D:9      | XOM: smoke on damage
  8274 | D:9      | Reached skill level 1 in Necromancy
  8439 | D:10     | XOM: smoke on damage
  8564 | D:10     | XOM: noise
  8723 | D:10     | XOM: summons 5 hostile demons
  8729 | D:10     | XOM: blink monster(s)
  8893 | D:10     | Reached skill level 5 in Evocations
  8893 | D:10     | Reached XP level 11. HP: 77/84 MP: 16/16
  8976 | D:10     | Gained mutation: You expend magic power (3 MP) to
                  | strengthen your wands. [hidden potential]
  9132 | D:10     | XOM: noise
  9301 | D:10     | XOM: polymorph crimson imp -> cerulean imp
  9311 | D:10     | XOM: noise
  9365 | D:10     | XOM: 3-stop teleportation journey
  9596 | D:10     | Noticed Maggie
  9613 | D:10     | Killed Maggie
  9747 | D:10     | XOM: god gift: scroll of teleportation
  9832 | D:10     | XOM: god gift: leather armour {god gift}
 10117 | D:11     | Noticed Erolcha
 10192 | D:11     | Killed Erolcha
 10200 | D:11     | XOM: 4-stop teleportation journey
 10244 | D:11     | Found a frozen archway.
 10252 | IceCv    | Entered an ice cave
 10269 | IceCv    | XOM: cleaving
 10436 | IceCv    | XOM: god gift: potion of invisibility
 10556 | IceCv    | Noticed a reaper
 10556 | IceCv    | XOM: 5-stop teleportation journey
 10668 | IceCv    | Found the +4 skin of Zhor {*Englaciate rC+++ SInv}
 10681 | IceCv    | XOM: enchant monster (good)
 10799 | IceCv    | XOM: confuse monster(s)
 10809 | IceCv    | Killed a reaper
 10869 | IceCv    | Got the Collected Works on Direction
 11054 | IceCv    | XOM: give mutation
 11054 | IceCv    | Gained mutation: You are partially covered in iridescent
                  | scales. (AC +2) [Xom's grace]
 11389 | D:11     | Learned a level 1 spell: Apportation
 11497 | D:11     | Noticed a boulder beetle
 11505 | D:11     | Killed a boulder beetle
 11506 | D:11     | Reached XP level 12. HP: 84/92 MP: 18/18
 11587 | D:11     | Gained mutation: Your system is resistant to poisons.
                  | (rPois) [hidden potential]
 11587 | D:11     | Lost mutation: You have hidden genetic potential. [hidden
                  | potential expressed]
 11734 | D:11     | Noticed a boulder beetle
 11753 | D:11     | XOM: divination: detect creatures
 11753 | D:11     | Killed a boulder beetle
 11848 | D:11     | XOM: 1-stop teleportation journey
 11860 | D:11     | XOM: cast spell 'Fugue of the Fallen'
 11918 | D:11     | XOM: give mutations
 11918 | D:11     | Gained mutation: Your mind is acute. (Int +4, Str/Dex -1)
                  | [Xom's grace]
 11918 | D:11     | Gained mutation: You have hidden genetic potential. [Xom's
                  | grace]
 12000 | D:11     | XOM: god gift: 5 stones
 12025 | D:11     | Reached skill level 5 in Polearms
 12055 | D:11     | XOM: 3-stop teleportation journey
 12230 | D:11     | XOM: god gift: sack of spiders
 12383 | D:12     | XOM: stealth player
 12440 | D:12     | Noticed a two-headed ogre
 12448 | D:12     | Killed a two-headed ogre
 12663 | D:12     | XOM: give mutation
 12663 | D:12     | Gained mutation: Your muscles are strong. (Str +4, Int/Dex
                  | -1) [Xom's mischief]
 12969 | D:13     | Reached skill level 5 in Stealth
 13008 | D:13     | XOM: 1-stop teleportation journey
 13032 | D:13     | XOM: blink monster(s)
 13034 | D:13     | XOM: silly message
 13116 | D:13     | XOM: enchant monster (good)
 13123 | D:13     | Found an ancient bone altar of Kikubaaqudgha.
 13461 | D:13     | Identified the +0 helmet "Xufakab" {rN++ Regen+}
 13474 | D:13     | Noticed a boulder beetle
 13477 | D:13     | Noticed an ironbound frostheart
 13493 | D:13     | XOM: summons friendly red devil
 13498 | D:13     | Killed a boulder beetle
 13501 | D:13     | XOM: summons 9 friendly demons
 13506 | D:13     | Killed an ironbound frostheart
 13507 | D:13     | Noticed a vault guard
 13510 | D:13     | Killed a vault guard
 13650 | D:13     | Identified the +0 pair of gloves "Coaqac" {Int+3}
 13702 | D:13     | Found a gate to the Vaults.
 13768 | D:13     | XOM: polymorph red ugly thing -> white ugly thing
 13787 | D:13     | XOM: scenery: summon butterflies
 13794 | D:13     | Reached XP level 13. HP: 90/100 MP: 20/20
 14065 | D:14     | Gained mutation: Your spells are harder to cast, but more
                  | powerful. [hidden potential]
 14082 | D:14     | XOM: cleaving
 14091 | D:14     | XOM: summons friendly quasit
 14148 | D:14     | XOM: summons friendly iron imp
 14160 | D:13     | XOM: polymorph manticore -> golden eye
 14221 | D:13     | Learned a level 4 spell: Anguish
 14290 | D:11     | XOM: give mutations
 14290 | D:11     | Gained mutation: Your muscles are very strong. (Str +8,
                  | Int/Dex -2) [Xom's grace]
 14290 | D:11     | Gained mutation: Your mind is very acute. (Int +8, Str/Dex
                  | -2) [Xom's grace]
 14290 | D:11     | Gained mutation: You have a somewhat thin skeletal
                  | structure. (Dex +2, Stealth+) [Xom's grace]
 14290 | D:11     | Gained mutation: Your spells are much harder to cast, but
                  | much more powerful. [Xom's grace]
 14364 | Lair:1   | Entered Level 1 of the Lair of Beasts
 14426 | Lair:1   | XOM: polymorph torpor snail -> rime drake
 14427 | Lair:1   | XOM: summons friendly shadow imp
 14461 | Lair:1   | XOM: confuse monster(s)
 14500 | Lair:1   | Reached skill level 5 in Summonings
 14567 | Lair:1   | Reached skill level 5 in Spellcasting
 14814 | Lair:1   | XOM: smoke on damage
 14818 | Lair:1   | XOM: summons friendly ufetubus
 14982 | Lair:1   | XOM: scenery: create altars
 15155 | Lair:1   | XOM: god gift: pair of boots {god gift}
 15310 | Lair:2   | Noticed Fannar
 15317 | Lair:2   | XOM: summons friendly white imp
 15321 | Lair:2   | XOM: snakes to sticks
 15334 | Lair:2   | Killed Fannar
 15336 | Lair:2   | XOM: 1-stop teleportation journey
 15372 | Lair:2   | Noticed Harold
 15379 | Lair:2   | Killed Harold
 15453 | Lair:2   | XOM: enchant monster (good)
 15458 | Lair:2   | XOM: summons friendly white imp
 15480 | Lair:2   | XOM: blink monster(s)
 15558 | Lair:2   | XOM: summons friendly ufetubus
 15618 | Lair:2   | XOM: silly message
 15623 | Lair:2   | XOM: confusion (+ monsters)
 15630 | Lair:2   | Found a staircase to the Snake Pit.
 15880 | Lair:2   | XOM: divination: magic mapping
 15932 | Lair:2   | Found a staircase to the Shoals.
 16107 | Lair:2   | XOM: god gift: scroll of fear
 16162 | Lair:3   | XOM: 1-stop teleportation journey
 16181 | Lair:3   | Reached XP level 14. HP: 97/109 MP: 20/22
 16208 | Lair:3   | XOM: summons 1 hostile demon
 16219 | Lair:3   | Acquired an articulated encabulator {rF+ Regen+ RegenMP+
                  | Slay+3}
 16226 | Lair:3   | XOM: give mutation
 16226 | Lair:3   | Lost mutation: Your mind is very acute. (Int +8, Str/Dex
                  | -2) [Xom's mischief]
 16247 | Lair:3   | XOM: polymorph hornet -> dream sheep
 16250 | Lair:3   | Reached skill level 10 in Axes
 16306 | Lair:3   | Gained mutation: You have a pair of small horns on your
                  | head. [hidden potential]
 16306 | Lair:3   | Lost mutation: You have hidden genetic potential. [hidden
                  | potential expressed]
 16341 | Lair:3   | XOM: draining
 16346 | Lair:3   | XOM: fake destruction
 16347 | Lair:3   | Reached skill level 10 in Fighting
 16354 | Lair:3   | XOM: god gift: 3 stones
 16358 | Lair:3   | XOM: cleaving
 16381 | Lair:3   | Reached skill level 5 in Translocations
 16468 | Lair:3   | XOM: summons 6 friendly demons
 16473 | Lair:3   | XOM: destruction
 16479 | Lair:3   | XOM: cast spell 'Discord'
 16635 | Lair:3   | XOM: summons 4 friendly demons
 16641 | Lair:3   | Reached skill level 5 in Necromancy
 16668 | Lair:3   | Reached skill level 1 in Unarmed Combat
 16705 | Lair:3   | Noticed Prince Ribbit
 16721 | Lair:3   | Killed Prince Ribbit
 17255 | Lair:3   | XOM: noise
 17377 | Lair:4   | XOM: give mutation
 17377 | Lair:4   | Lost mutation: You have supernaturally acute eyesight.
                  | (SInv) [Xom's mischief]
 17380 | Lair:4   | XOM: enchant monster (bad)
 17600 | Lair:4   | XOM: god gift: 5 stones
 17747 | Lair:4   | XOM: destruction
 17783 | Lair:4   | Found the +2 shield of Resistance {rF++ rC++ Will++}
 17936 | Lair:4   | XOM: noise
 18181 | Lair:5   | Entered Level 5 of the Lair of Beasts
 18414 | Lair:5   | Reached XP level 15. HP: 113/117 MP: 23/23
 18576 | Lair:5   | XOM: noise
 18647 | Lair:5   | XOM: 1-stop teleportation journey
 18705 | Lair:5   | XOM: 1-stop teleportation journey
 18706 | Lair:5   | XOM: summons 1 hostile demon
 18708 | Lair:5   | XOM: smoke on damage
 18714 | Lair:5   | Slain by a five-headed hydra

Illustrated notes

Levels and vault maps discovered:
D:1:      lightli_iron_boxes, layout_basic, minmay_misc_feat_doors,
          dk_noncrumbling_2, minmay_tetromino_l2
D:2:      layout_rooms, small_statue_intersection, nicolae_figureground_pulse
D:3:      layout_basic
D:4:      layout_basic, minmay_temple_entry_ruins, serial_shops,
          nicolae_shop_tiny_glass
D:5:      layout_basic
D:6:      layout_rooms, serial_shops, shop
D:7:      minmay_chambers_of_fours, layout_basic, serial_bayou,
          serial_bayou_crossing, serial_bayou_pond_b, serial_bayou_pond_b,
          serial_bayou_pond_c
D:8:      layout_loops_ring, nicolae_ru_great_annihilating_truth,
          grunt_qazlal_sundering, dpeg_lair_monsters, serial_shops,
          nicolae_book_shop_shelving, serial_library_hellmonk_room_c
D:9:      layout_roguey, orc_0_dummy, serial_corexii_hall,
          corexii_hall_statues_deadend, corexii_hall_statues_t,
          corexii_hall_statues_l, kennysheep_generic_room_13
D:10:     cheibrodos_grave_circle, layout_loops_corners, serial_bayou_ford_a,
          uniq_maggie
D:11:     lemuel_slime, layout_loops_ring, portal_ice_cave_entry_pillars_2,
          small_statue_intersection, kennysheep_generic_room_10, uniq_erolcha
D:12:     layout_long_grid
D:13:     layout_loops_cross, hellmonk_vaults_keyhole,
          lemuel_zombie_altar_kikubaaqudgha
D:14:     layout_cave_pools, minmay_misc_feat_hallway
Temple:   nicolae_temple_slightly_damp_pantheon
Lair:1:   layout_gridlike, worms_lemuel
Lair:2:   layout_misc_corridors, minmay_shoals_entry_lonely_mermaid,
          minmay_snake_entry_six_corridors, uniq_harold, uniq_fannar
Lair:3:   nzn_winding_woodlands_stair_cross
          [nzn_winding_woodlands_5x15_longhouse,
          nzn_winding_woodlands_center_garden,
          nzn_winding_woodlands_5x15_jagged, nzn_winding_woodlands_5x5_three,
          nzn_winding_woodlands_5x5_perimeter,
          nzn_winding_woodlands_5x15_sawtooth,
          nzn_winding_woodlands_center_triple_pond,
          nzn_winding_woodlands_5x15_parted], layout_loops_ring,
          uniq_prince_ribbit2
Lair:4:   layout_long_grid, minmay_lair_oklob_items, forest_entry_grove,
          grunt_megastairs_4, serial_bayou_shore_a
Lair:5:   minmay_lair_end_enchanted_forest, layout_cave_pods, slime_entry_1

Skill      XL: |  1  2  3  4  5  6  7  8  9 10 11 12 13 14 |
---------------+-------------------------------------------+-----
Dodging        | 1 2 3 4 5 6 7 8 9 |  9.6
Armour         | 2 3 4 5 6 7 8 9 |  9.8
Polearms       | 1 2 3 4 5 6 |  6.7
Stealth        | 1 2 3 4 5 |  5.0
Spellcasting   | 1 2 3 4 5 |  5.9
Fighting       | 4 5 6 7 8 9 10 | 10.9
Axes           | 4 5 6 7 8 9 10 | 10.8
Evocations     | 1 3 4 5 6 7 8 |  8.8
Summonings     | 2 3 4 5 6 |  6.3
Translocations | 1 2 3 4 5 |  5.5
Necromancy     | 1 2 3 4 5 |  5.5
Unarmed Combat | 2 |  2.4

Action                     |  1- 3 |  4- 6 |  7- 9 | 10-12 | 13-15 || total
---------------------------+-------+-------+-------+-------+-------++-------
  Melee: Hand axe          |    51 |    81 |   250 |   469 |   586 ||  1437
         Dagger            |     8 |       |       |       |       ||     8
         Short sword       |    35 |    84 |   120 |       |       ||   239
         Trident           |       |       |   124 |   528 |   627 ||  1279
         Headbutt          |       |       |       |       |   104 ||   104
Ability: Invent Gizmo      |       |       |       |       |     1 ||     1
  Evoke: Wand              |       |       |       |    27 |    23 ||    50
         Condenser vane    |       |       |       |     2 |     3 ||     5
         Phial of floods   |       |       |       |     1 |     2 ||     3
         Sack of spiders   |       |       |       |     1 |     1 ||     2
         Lightning rod     |       |       |       |       |    13 ||    13
    Use: Potion            |       |     4 |     6 |    11 |    11 ||    32
         Scroll            |       |     1 |    12 |    17 |    13 ||    43
   Stab: Invisible         |       |     7 |       |     9 |     4 ||    20
         Paralysed         |       |     2 |     2 |     6 |    26 ||    36
         Petrified         |       |       |     4 |    11 |     2 ||    17
         Confused          |       |       |     4 |     7 |    23 ||    34
         Petrifying        |       |       |     1 |     2 |     4 ||     7
         Held in net/web   |       |       |     1 |     3 |       ||     4
         Sleeping          |       |       |       |     3 |     1 ||     4
 Armour: Leather armour    |    13 |       |       |       |       ||    13
         Chain mail        |    41 |    77 |   299 |   367 |       ||   784
         Steam dragon scal |       |       |       |    91 |       ||    91
         Crystal plate arm |       |       |       |   223 |   844 ||  1067
  Dodge: Dodged            |    23 |    30 |   128 |   293 |   216 ||   690

Table legend: (Time is in decaauts)
 A = Elapsed time spent in this place.
 B = Non-inter-level travel time spent in this place.
 C = Inter-level travel time spent in this place.
 D = Time resting spent in this place.
 E = Time spent auto-exploring this place.
 F = Levels seen in this place.
 G = Mean time per level.
                   A        B        C        D        E       F      G
               +--------+--------+--------+--------+--------+-----+--------+
         Total |  18630 |  17723 |    907 |   1681 |  12633 |  21 |  887.1 |
       Dungeon |  13144 |  12430 |    714 |   1181 |   9125 |  14 |  938.9 |
        Temple |     96 |     96 |      0 |      0 |     95 |   1 |   96.0 |
          Lair |   4260 |   4068 |    192 |    172 |   2957 |   5 |  852.0 |
      Ice Cave |   1128 |   1128 |      0 |    328 |    454 |   1 | 1128.0 |
               +--------+--------+--------+--------+--------+-----+--------+

Top non-repeatable levels by time:
     D:9: 2064 daAuts
     D:7: 1392 daAuts
    D:10: 1356 daAuts
  Lair:3: 1149 daAuts
   IceCv: 1128 daAuts
    D:13: 1105 daAuts
    D:11: 1087 daAuts
  Lair:1: 979 daAuts
     D:4: 963 daAuts
     D:8: 942 daAuts
  Lair:4: 854 daAuts
     D:2: 836 daAuts
  Lair:2: 777 daAuts
     D:3: 730 daAuts
     D:5: 724 daAuts
